Map: Coda LE (Void)

Players

Bop - Winner!

  • Race: Zerg Zerg

Bones

  • Race: Protoss Protoss

VOD

Have the link to the VOD?

Description

Time

  • Played on: May 1, 2015, 2:15 a.m.
  • Length: 12:13
Show
View Real Time Build Order
Export as new Build Order

Bop Zerg - Winner!

Build Orders: Hatch First 

Get SALT Encoding   

  12  0:01  Drone  
  13  0:08  Drone  
  14  0:18  Drone, Extractor  
  14  0:22  Extractor  
  14  0:23  Drone  
  16  0:44  Hatchery  
  15  0:59  Extractor  
  15  1:01  Spawning Pool  
  15  1:03  Drone  
  14  1:11  Overlord  
  14  1:16  Extractor  
  14  1:17  Drone  
  15  1:32  Drone x2  
  17  1:37  Drone  
  18  1:48  Queen  
  18  1:51  Drone  
  21  1:59  Metabolic Boost  
  21  2:04  Drone  
  21  2:05  Drone  
  23  2:09  Overlord  
  23  2:14  Drone  
  24  2:21  Queen  
  26  2:26  Drone  
  26  2:27  Drone  
  28  2:30  Drone  
  28  2:32  Drone  
  30  2:39  Drone  
  31  2:45  Overlord  
  31  2:47  Queen  
  31  2:50  Drone  
  34  2:59  Drone x2  
  36  3:07  Drone x4  
  36  3:11  Burrow  
  36  3:12  Zergling x2  
  41  3:14  Zergling x2  
  42  3:29  Zergling x4  
  42  3:38  Zergling x2  
  42  3:40  Overlord  
  43  3:41  Overlord  
  43  3:54  Hatchery  
  40  3:56  Zergling x6  
  40  3:58  Overlord  
  42  4:05  Zergling x10  
  42  4:07  Lair  
  42  4:08  Baneling Nest  
  46  4:10  Zergling x6  
  48  4:24  Overlord  
  48  4:28  Drone x3  
  48  4:30  Drone x2  
  49  4:46  Drone x6  
  49  4:48  Extractor  
  49  4:49  Extractor  
  49  4:50  Queen  
  55  5:01  Drone  
  55  5:02  Drone  
  57  5:19  Drone x3  
  57  5:20  Infestation Pit, Extractor  
  57  5:21  Drone  
  59  5:23  Drone x2  
  59  5:25  Overseer  
  59  5:26  Hydralisk Den  
  60  5:33  Evolution Chamber, Drone x6  
  65  5:35  Extractor  
  65  5:41  Zergling x2  
  65  5:42  Zergling x4  
  67  6:08  Drone x4  
  67  6:10  Hive  
  71  6:11  Drone x5  
  71  6:12  Drone x15  
  71  6:20  Drone x9  
  71  6:21  Drone x18  
  75  6:29  Overlord  
  75  6:39  Drone  
  74  6:40  Drone  
  74  6:43  Drone x2  
  72  6:48  Zergling x2  
  72  6:49  Nydus Network, Zergling x14  
  79  7:00  Overlord  
  79  7:04  Overlord  
  79  7:18  Queen  
  79  7:22  Queen  
  83  7:25  Ultralisk Cavern  
  82  7:39  Nydus Canal  
  82  7:41  Queen  
  82  7:43  Extractor  
  83  7:48  Zergling x14  
  83  7:49  Overlord x2  
  83  7:51  Overseer  
  90  7:57  Queen  
  90  8:06  Muscular Augments  
  90  8:11  Spore Crawler  
  90  8:12  Chitinous Plating  
  89  8:14  Spore Crawler x2, Zerg Melee Weapons Level 1  
  89  8:18  Drone x2  
  89  8:19  Drone  
  90  8:20  Hydralisk x4  
  97  8:27  Overlord x2  
  96  8:45  Overlord x2  
  96  8:49  Overseer  
  96  8:56  Ultralisk x2  
  96  9:01  Drone x6  
  96  9:02  Overlord x2  
  114  9:07  Adrenal Glands, Lurker Den  
  114  9:09  Zergling x12  
  120  9:38  Ultralisk  
  126  9:39  Zergling x24  
  126  9:41  Extractor  
  123  10:07  Nydus Canal  
  123  10:12  Zergling x2  
  123  10:13  Zergling x18  
  133  10:19  Ultralisk  
  137  10:32  Nydus Canal  
  137  10:33  Ultralisk  
  137  10:34  Overlord x2  
  133  10:35  Zergling x2  
  133  10:36  Zergling x16  
  142  10:47  Nydus Canal  
  141  11:05  Hydralisk x6  
  153  11:20  Nydus Canal  
  153  11:26  Overlord x2  
  149  11:44  Overlord x2  
  147  12:08  Nydus Canal  
Show
View Real Time Build Order
Export as new Build Order

Bones Protoss 

Build Orders: Nexus First 

Get SALT Encoding   

  12  0:01  Probe  
  13  0:13  Probe  
  14  0:42  Nexus  
  14  0:50  Pylon  
  14  1:08  Probe (Chrono Boost), Gateway  
  16  1:19  Probe (Chrono Boost)  
  16  1:25  Probe (Chrono Boost)  
  17  1:36  Probe (Chrono Boost)  
  18  1:42  Probe (Chrono Boost)  
  19  1:49  Assimilator x2  
  19  1:53  Probe (Chrono Boost)  
  20  1:54  Gateway  
  20  1:57  Probe (Chrono Boost)  
  20  1:59  Probe  
  22  2:04  Cybernetics Core  
  22  2:07  Probe  
  23  2:12  Probe  
  24  2:17  Zealot (Chrono Boost)  
  26  2:23  Probe  
  27  2:30  Probe  
  27  2:35  Probe  
  29  2:41  Warp Gate  
  29  2:42  Adept (Chrono Boost)  
  33  2:44  Adept (Chrono Boost)  
  33  2:49  Pylon  
  33  2:51  Probe  
  33  2:52  Probe  
  35  3:04  Probe  
  36  3:07  Probe (Chrono Boost), Adept x2 (Chrono Boost)  
  41  3:15  Pylon  
  41  3:19  Mothership Core (Chrono Boost)  
  44  3:20  Probe (Chrono Boost)  
  44  3:23  Assimilator  
  44  3:27  Assimilator  
  44  3:33  Probe  
  45  3:45  Probe  
  45  3:46  Probe  
  47  3:58  Probe (Chrono Boost)  
  47  3:59  Probe (Chrono Boost)  
  49  4:08  Stargate  
  49  4:09  Probe (Chrono Boost), Stargate  
  51  4:10  Probe (Chrono Boost)  
  51  4:16  Probe (Chrono Boost)  
  52  4:18  Pylon  
  52  4:19  Pylon  
  52  4:20  Probe  
  51  4:33  Probe  
  51  4:36  Probe  
  51  4:45  Probe  
  50  4:48  Probe  
  50  4:51  Forge  
  49  4:53  Oracle x2 (Chrono Boost)  
  55  5:04  Gateway  
  55  5:05  Gateway  
  55  5:06  Pylon  
  55  5:10  Sentry, Pylon  
  55  5:11  Sentry  
  59  5:14  Probe x2  
  59  5:19  Pylon  
  61  5:27  Void Ray x2 (Chrono Boost)  
  69  5:33  Protoss Shields Level 1 (Chrono Boost)  
  69  5:41  Photon Cannon  
  69  5:44  Probe x2  
  71  5:56  Probe x2  
  73  6:06  Void Ray (Chrono Boost)  
  73  6:07  Void Ray (Chrono Boost)  
  81  6:15  Photon Cannon  
  81  6:16  Photon Cannon  
  81  6:18  Pylon  
  81  6:30  Adept x4  
  89  6:33  Pylon  
  89  6:53  Fleet Beacon, Pylon  
  89  7:10  Adept x4  
  89  7:13  Pylon  
  97  7:20  Carrier x2 (Chrono Boost)  
  97  7:31  Pylon  
  109  8:00  Graviton Catapult (Chrono Boost)  
  109  8:03  Pylon  
  109  8:05  Pylon  
  109  8:15  Carrier (Chrono Boost)  
  109  8:17  Carrier (Chrono Boost)  
  109  8:23  Nexus, Photon Cannon  
  109  8:26  Gateway  
  115  8:27  Gateway  
  115  8:31  Pylon  
  121  8:39  Pylon  
  121  9:01  Carrier (Chrono Boost), Assimilator  
  121  9:03  Photon Cannon  
  121  9:05  Carrier (Chrono Boost)  
  121  9:12  Adept x2  
  121  9:13  Adept  
  121  9:16  Adept  
  141  10:02  Assimilator  
  141  10:07  Gateway  
  141  10:08  Gateway  
  141  10:10  Pylon  
  141  10:22  Twilight Council  
  153  10:52  Adept x4  
  153  10:54  Zealot x2  
  163  10:59  Pylon  
  162  11:06  Void Ray x2 (Chrono Boost)  
  162  11:10  Stargate  
  158  11:15  Pylon  
  158  11:20  Probe x2  
  160  11:29  Adept  
  162  11:34  Adept x4, Photon Cannon  
  168  11:41  Adept x3  
Tags
 
Add a new tag
Caveats
  • Supply blocks, unpowered buildings, or Contaminate may cause inaccurate times.
  • Supply counts are checked every 10 seconds.